AoeStats
← Ziko

Arabia

510829231Analyzed
1v1 RM · 8h ago on Oct 2, 2026· 56m 2s· 2 players
Game mode
Random Map
Map size
Tiny (2 player)
Population
200
Speed
Normal
Resources
Standard
Victory
Conquest
Starting age
Dark Age
Ending age
Imperial Age
RankedLock teamsTeams togetherTeam positionsShared explorationLock speedFull tech treeHidden civsTurbo modeCheats
Victory
Defeat
🇨🇱 Persians · Chile
1500
+14
🇫🇷 Mapuche · France
1454
-14
ddiego
8:42 Feudal Age
8:06 Loom
9:06 Double-Bit Axe
17:17 Fletching
18:00 Padded Archer Armor
20:35 Castle Age
19:31 Horse Collar
19:58 Padded Archer Armor
20:50 Gold Mining
21:58 Bodkin Arrow
21:29 Elite Skirmisher
24:34 Bow Saw
25:43 Town Watch
30:01 Ballistics
31:38 Man-at-Arms
32:18 Squires
32:36 Scale Mail Armor
32:33 Long Swordsman
36:40 Chain Mail Armor
38:41 Wheelbarrow
41:11 Imperial Age
39:52 Wheelbarrow
39:25 Gambesons
39:56 Leather Archer Armor
39:52 Forging
41:22 Hand Cart
41:55 Hand Cart
42:11 Ring Archer Armor
41:34 Arson
41:55 Scale Barding Armor
42:17 Conscription
42:11 Citadels
43:15 Chemistry
43:21 Masonry
43:23 Heavy Plow
43:20 Crossbowman
44:05 Thumb Ring
44:05 Kamandaran
44:17 Pikeman
46:14 Forging
46:24 Chain Barding Armor
46:24 Halberdier
48:53 Plate Mail Armor
50:06 Guard Tower
50:47 Architecture
50:58 Architecture
50:26 Murder Holes
52:15 Iron Casting
52:33 Plate Barding Armor
51:56 Light Cavalry
52:46 Bloodlines
52:37 Husbandry
55:44 Blast Furnace
Ziko
7:01 Loom
9:31 Feudal Age
13:00 Fletching
19:03 Padded Archer Armor
23:56 Castle Age
23:37 Champi Runner
24:16 Double-Bit Axe
24:13 Horse Collar
24:47 Bodkin Arrow
25:13 Champi Warrior
31:27 Scale Mail Armor
41:49 Imperial Age
39:07 Elite Skirmisher
41:24 Ballistics
41:22 Leather Archer Armor
45:17 Bow Saw
45:08 Heavy Plow
45:36 Malon
45:16 Elite Bolas Rider
46:47 Ring Archer Armor
45:58 Pikeman
47:25 Butalmapu
47:56 Halberdier
48:23 Elite Champi Warrior
51:26 Chain Mail Armor
Connection lost

Rejoining the realm…

Still unreachable

The connection could not be restored.

Session expired

The server has moved on; the page needs a fresh start.